 Dungeon Crawl Stone Soup version 0.23.2-33-g5129a83184 (webtiles) character file.

Game seed: 10531764584202901767

25 DorianNounverber the Shooter (level 2, 0/23 HPs)
             Began as a Centaur Arcane Marksman on July 3, 2019.
             Succumbed to an adder's poison
             ... on level 2 of the Dungeon on July 4, 2019.
             The game lasted 00:07:39 (1493 turns).

DorianNounverber the Shooter (CeAM)                 Turns: 1493, Time: 00:07:39

Health: 0/23       AC:  4    Str: 12    XL:     2   Next: 86%
Magic:  3/3        EV:  9    Int: 12    God:
Gold:   63         SH:  0    Dex:  9    Spells: 2/3 levels left

rFire    . . .     SeeInvis .   a - +0 shortbow
rCold    . . .     Gourm    .   (shield currently unavailable)
rNeg     . . .     Faith    .   i - +0 leather armour
rPois    .         Spirit   .   (no helmet)
rElec    .         Reflect  .   (no cloak)
rCorr    .         Harm     .   (no gloves)
MR       .....                  (no barding)
Stlth    ..........             (no amulet)
HPRegen  0.07/turn              (no ring)
MPRegen  0.08/turn              (no ring)

@: lethally poisoned (0 -> -6), very quick
A: large, hooves 3, deformed body, speed 2, tough skin 3
a: no special abilities


You were on level 2 of the Dungeon.
You were not hungry.

You visited 1 branch of the dungeon, and saw 2 of its levels.

You collected 63 gold pieces.

Inventory:

Hand Weapons
 a - a +0 shortbow (weapon)
 l - a +0 dagger
 p - a +0 short sword
Missiles
 b - 24 sling bullets
 d - 17 arrows (quivered)
 g - 28 stones
Armour
 e - a +0 robe
 i - a +0 leather armour (worn)
 o - a +0 ring mail
Scrolls
 c - a scroll of teleportation {unknown}
 h - a scroll of remove curse {unknown}
 j - a scroll of identify {unknown}
 m - a scroll of random uselessness {unknown}
Potions
 k - 2 potions of haste {unknown}
 n - 2 potions of agility {unknown}


   Skills:
 + Level 1.0 Fighting
 + Level 3.3 Bows
 + Level 0.1 Armour
 + Level 1.5 Dodging
 + Level 1.0 Spellcasting
 + Level 3.2 Hexes


You had 2 spell levels left.
You knew the following spells:

 Your Spells              Type           Power        Failure   Level  Hunger
a - Corona                Hex            #......      10%         1    ##.....

Your spell library contained the following spells:

 Spells                   Type           Power        Failure   Level  Hunger
 Slow                     Hex            #.......     16%         2    ###....
 Inner Flame              Hex/Fire       #.......     52%         3    ####...
 Portal Projectile        Hex/Tloc       #.....       52%         3    ####...
 Cause Fear               Hex            #.........   69%         4    #####..
 Leda's Liquefaction      Hex/Erth       #.........   89%         4    #####..


Dungeon Overview and Level Annotations

Branches:
Dungeon (2/15)

Altars:


Innate Abilities, Weirdness & Mutations

You have hooves in place of feet.
Armour fits poorly on your strangely shaped body.
You cover ground very quickly.
You have extremely tough skin. (AC +3)


Message History

Press: ? - help, Shift-Dir - straight line, f - frilled lizard
Aim: a frilled lizard You shoot an arrow.
The arrow hits the frilled lizard.
You kill the frilled lizard!
You feel sick.
There is a lethal amount of poison in your body!
There is a lethal amount of poison in your body!
* * * LOW HITPOINT WARNING * * *
You feel sick.
* * * LOW HITPOINT WARNING * * *
You feel sick.
* * * LOW HITPOINT WARNING * * *
You feel sick.
* * * LOW HITPOINT WARNING * * *
You feel sick.
* * * LOW HITPOINT WARNING * * *
You feel sick.
* * * LOW HITPOINT WARNING * * *
You feel sick.
You die...

#....# #....# #....#
#....# #. .
######.#....## #(. ..
#<.....#.....# (.
...##..##..#.....#(##..#
.......# #....@)....<#
...###.# ###.###.#...#
.. #.# #.# # . #
#.#######.# #.........#
###########


There were no monsters in sight!

Vanquished Creatures
  An adder (D:2)
  3 leopard geckos (D:1)
  A bat (D:1)
  A giant cockroach (D:1)
  A goblin (D:1)
  A hobgoblin (D:2)
  A frilled lizard (D:2)
  4 kobolds (D:1)
  A rat (D:1)
14 creatures vanquished.

Notes
Turn   | Place    | Note
-------+----------+-------------------------------------------
     0 | D:1      | DorianNounverber the Centaur Arcane Marksman began the
                  | quest for the Orb.
     0 | D:1      | Reached XP level 1. HP: 16/16 MP: 2/2
   435 | D:1      | Reached XP level 2. HP: 10/23 MP: 1/3
  1491 | D:2      | HP: 1/23 [poisoned by an adder]
  1493 | D:2      | Succumbed to an adder's poison

Skill      XL: |  1  2 |
---------------+-------+-----
Hexes          | 3 |  3.2
Bows           | 3 |  3.3
Fighting       | |  1.0
Armour         | |  0.1
Dodging        | |  1.5
Spellcasting   | |  1.0

Action                   || total
-------------------------++-------
Melee: Shortbow          ||    27
       Kick              ||     3
       Dagger            ||     5
       Short sword       ||     4
 Fire: Shortbow          ||    31
Throw: Stone             ||     7
 Cast: Corona            ||    12
  Eat: Ration            ||     1
Armor: Leather armour    ||    18
       Robe              ||     5
Dodge: Dodged            ||    45
